 Dungeon Crawl Stone Soup version 0.19-a0-1908-g43c011f (webtiles) character file.

11990 Goblin1989 the Grappler (level 11, -5/77 HPs)
             Began as a Demonspawn Transmuter on Oct 23, 2016.
             Was a High Priest of Hepliaklqana.
             Killed by divine providence
             ... invoked by an orc priest
              (10 damage)
             ... on level 2 of the Orcish Mines.
             The game lasted 00:43:50 (13442 turns).

Goblin1989 the Grappler (Demonspawn Transmuter)    Turns: 13442, Time: 00:43:51

Health: -5/77      AC: 28    Str: 17    XL:     11   Next: 56%
Magic:  14/14      EV: 13    Int: 18    God:    Hepliaklqana [*****.]
Gold:   151        SH:  3    Dex: 13    Spells: 3 memorised, 6 levels left

rFire  . . .     SeeInvis .       - Unarmed
rCold  + + +     Gourm    .     m - +2 scale mail {rC+}
rNeg   . . .     Faith    .     (no shield)
rPois  +         Spirit   .     (helmet restricted)
rElec  .         Reflect  +     e - +1 cloak of Furuek {Int+3 Slay+3}
rCorr  .         Harm     .     w - +2 pair of gloves {Str+3}
MR     +....                    G - +0 pair of boots
Stlth  ..........               r - +3 amulet of reflection
                                q - ring of False Pretenses {rPois rC+ MR+}
                                c - ring of protection from cold

@: sanguine armour
A: reduced essence, antennae 2, spiny 1, rot immunity, sanguine armour 3
a: Recall Ancestor, Ancestor Identity, Transference, Idealise, Renounce Religion


You were on level 2 of the Orcish Mines.
You worshipped Hepliaklqana.
Hepliaklqana was extremely pleased with you.
You were hungry.

You visited 3 branches of the dungeon, and saw 14 of its levels.
You also visited: Bailey.

You collected 1230 gold pieces.
You spent 1079 gold pieces at shops.

Inventory:

Missiles
 a - 185 arrows
 Z - 2 throwing nets {=f, !d}
Armour
 e - the +1 cloak of Furuek (worn) {Int+3 Slay+3}
   (You acquired it on level 10 of the Dungeon)

   It affects your intelligence (+3).
   It affects your accuracy and damage with ranged weapons and melee attacks
   (+3).
 m - a +2 scale mail of cold resistance (worn)
 w - a +2 pair of gloves of strength (worn)
 G - a +0 pair of boots (worn)
Jewellery
 c - a ring of protection from cold (left hand)
 q - the ring of False Pretenses (right hand) {rPois rC+ MR+}
   (You bought it in a shop on level 2 of the Orcish Mines)

   [ring of protection from magic]

   It protects you from cold.
   It protects you from poison.
   It affects your resistance to hostile enchantments.
 r - a +3 amulet of reflection (around neck)
 z - an uncursed amulet of rage
Wands
 g - a wand of polymorph (9/24)
 h - a wand of teleportation (4/9) {!v, @v4}
 i - a wand of slowing (30/48)
 o - a wand of digging (10/24)
 C - a wand of confusion (29/48)
 I - a wand of iceblast (10/15)
Scrolls
 j - 2 scrolls of vulnerability {!r}
 n - 5 scrolls of remove curse {@r2}
 y - a scroll of fear
 B - 2 scrolls of blinking
 E - a scroll of summoning
 F - a scroll of enchant armour
 H - 2 scrolls of recharging
 M - 3 scrolls of magic mapping
 T - 2 scrolls of teleportation {!r, @r4}
Potions
 b - 4 potions of curing {@q1}
 k - a potion of magic
 l - a potion of flight
 p - a potion of heal wounds {!q, @q2}
 v - a potion of cure mutation
 x - a potion of invisibility
Comestibles
 d - 5 bread rations {@e1}
 f - 6 meat rations {@e2}
 u - a beef jerky


   Skills:
 + Level 7.8 Fighting
 + Level 7.3 Armour
 + Level 7.2 Dodging
 * Level 10.9 Unarmed Combat
 - Level 2.0 Spellcasting
 + Level 5.1 Transmutations


You had 6 spell levels left.
You knew the following spells:

 Your Spells              Type           Power        Failure   Level  Hunger
a - Beastly Appendage     Tmut           ###...       8%          1    #......
b - Sticks to Snakes      Tmut           ###.....     12%         2    ###....
c - Blade Hands           Tmut           ###.......   99%         5    ######.


Dungeon Overview and Level Annotations

Branches:
Dungeon (11/15)            Temple (1/1) D:5            Lair (0/6) D:10
    Orc (2/2) D:9             Elf (0/3) Orc:2

Altars:
Dithmenos
Elyvilon
Gozag
Hepliaklqana
Kikubaaqudgha
Okawaru
Trog
Uskayaw
Yredelemnul
Zin

Shops:
D:8 *   D:9 ?   Orc:2 =

Annotations:
D:9 varam's ghost, novice TrMo
D:10 Erolcha; Snorg


Innate Abilities, Weirdness & Mutations

You have a pair of antennae on your head.
You are partially covered in sharp spines.
You are immune to rotting.
When seriously injured, your bleeding wounds create very thick armour. (AC +12)
Your life essence is reduced. (-10% HP)


Message History

The orc high priest calls down the wrath of Beogh upon you.
Beogh smites you!
* * * LOW HITPOINT WARNING * * *
The hellwing misses you. You block the hellwing's attack.
The orange demon barely misses you. The orange demon stings you from afar.
* * * LOW HITPOINT WARNING * * *
Arammadara points at the orc high priest and mumbles some strange words.
The orc high priest resists with almost no effort.
An orc high priest comes into view. It is wielding a mace.
You take 14 damage, and have 4/76 hp.
You punch the orc high priest!
You kill the orc high priest!
The hellwing disappears in a puff of smoke!
The orange demon disappears in a puff of smoke! x2
The orc high priest mumbles some strange prayers to Beogh.
Things that are here:
a robe; a dagger The orc priest mumbles some strange prayers to Beogh against you.
Beogh smites you!
You die...

.....██....∩........███
...............<....█.███
........................██
..............█..........█
.█.........█.████........██
███........███ ██........█
█............█████.......██
............███..........█
..............█.@.......██
.......█........R)....███
.....███............>.█
..█..█ █.█....[oo█...██
.$█.██ ███....[o███.██ . ██
███..4.{.███ █.....{.█
██...o.██ ███..███


You could see the friendly Arammadara the hexer, an orc high priest, a rust
devil and 3 orc priests.

Vanquished Creatures
  2 orc high priests (Orc:2)
  An orc knight (Orc:1)
  A necromancer (D:9)
  2 trolls (Orc:1)
  4 flying skulls (D:9)
  2 shadows (D:9)
  A wyvern (D:8)
  A hungry ghost (D:8)
  4 wraiths (D:9)
  A warg (Orc:1)
  2 water moccasins
  12 orc warriors
  2 ice beasts
  2 sky beasts
  Purgy (D:4)
  A black bear (D:6)
  A hornet zombie (D:9)
  2 phantoms
  9 ogres
  A centaur (D:8)
  A big kobold (D:7)
  2 scorpions
  15 killer bees
  A wight (D:9)
  An electric eel (Bailey)
  3 howler monkeys
  3 crimson imps
  3 centaur zombies
  4 bullfrog zombies
  7 hounds
  3 bullfrog skeletons
  14 orc wizards
  3 jellies
  13 orc priests
  Terence (D:3)
  2 iguanas (D:8)
  8 worker ants
  3 killer bee zombies
  3 hound zombies (D:9)
  3 hound skeletons
  A howler monkey zombie (D:5)
  A worker ant zombie (D:5)
  Robin (D:3)
  7 gnolls
  6 adders
  An ooze (D:1)
  4 adder skeletons
  6 adder zombies
  3 worms (D:2)
  4 dart slugs
  A leopard gecko (D:2)
  41 orcs
  4 ball pythons
  2 bats (D:3)
  2 giant cockroaches
  21 goblins
  9 hobgoblins
  14 jackals
  2 quokkas
  A ball python zombie (D:2)
  3 frilled lizards
  12 kobolds
  A leopard gecko skeleton (D:2)
  A quokka zombie (D:2)
  10 rats
303 creatures vanquished.

Vanquished Creatures (collateral kills)
  A warg (Orc:1)
  3 orc warriors
  2 ice beasts
  A sky beast (D:5)
  3 ogres
  A centaur (D:9)
  A bullfrog (D:6)
  A scorpion (D:6)
  3 orc priests (Orc:2)
  A gnoll shaman (D:5)
  An iguana (D:9)
  An orc wizard (D:5)
  A worker ant (D:6)
  2 gnolls (D:5)
  An adder (D:9)
  2 shadow imps (D:6)
  A worm (D:5)
  4 orcs
  A jackal (D:6)
  A quokka zombie (D:7)
32 creatures vanquished.

Vanquished Creatures (others)
  An ancestor (D:7)
  6 hexers
7 creatures vanquished.

Grand Total: 342 creatures vanquished

Notes
Turn   | Place    | Note
-------+----------+-------------------------------------------
     0 | D:1      | Goblin1989 the Demonspawn Transmuter began the quest for the Orb.
     0 | D:1      | Reached XP level 1. HP: 15/15 MP: 3/3
    42 | D:1      | Reached skill level 3 in Unarmed Combat
   307 | D:1      | Gained mutation: You are immune to rotting. [demonic ancestry]
   307 | D:1      | Reached XP level 2. HP: 21/21 MP: 5/5
   648 | D:1      | Learned a level 2 spell: Sticks to Snakes
   955 | D:1      | Gained mutation: You have a pair of small antennae on your head. [demonic ancestry]
   955 | D:1      | Reached XP level 3. HP: 21/26 MP: 6/6
  1325 | D:2      | Reached skill level 4 in Unarmed Combat
  1806 | D:2      | Gained mutation: You have a pair of antennae on your head. [demonic ancestry]
  1806 | D:2      | Reached XP level 4. HP: 28/32 MP: 7/7
  1925 | D:2      | Reached skill level 1 in Armour
  3335 | D:3      | Noticed Terence
  3376 | D:3      | Killed Terence
  3376 | D:3      | Gained mutation: When seriously injured, your bleeding wounds create armour. (AC +12) [demonic ancestry]
  3376 | D:3      | Reached XP level 5. HP: 10/37 MP: 8/8
  3607 | D:3      | Found a faded altar of an unknown god.
  3609 | D:3      | Noticed Robin
  3641 | D:3      | Killed Robin
  4278 | D:3      | Learned a level 5 spell: Blade Hands
  4371 | D:4      | Noticed Purgy
  4712 | D:4      | Reached skill level 5 in Unarmed Combat
  4712 | D:4      | Gained mutation: You are partially covered in sharp spines. [demonic ancestry]
  4712 | D:4      | Reached XP level 6. HP: 34/44 MP: 9/9
  4913 | D:4      | Killed Purgy
  4913 | D:4      | Reached XP level 7. HP: 30/51 MP: 10/10
  5463 | D:5      | Entered Level 5 of the Dungeon
  5463 | D:5      | Found a staircase to the Ecumenical Temple.
  5466 | Temple   | Entered the Ecumenical Temple
  5483 | Temple   | Became a worshipper of Hepliaklqana the Forgotten
  5523 | D:5      | Gained mutation: You are clumsy. (Dex -2) [mutagenic meat]
  5524 | D:5      | Gained mutation: You are dopey. (Int -2) [mutagenic meat]
  5525 | D:5      | Gained mutation: You possess an exceptional clarity of mind. [mutagenic meat]
  5526 | D:5      | Gained mutation: Your flesh is cold resistant. (rC+) [mutagenic meat]
  5527 | D:5      | Gained mutation: You are very dopey. (Int -4) [mutagenic meat]
  5677 | D:5      | Reached skill level 6 in Unarmed Combat
  5934 | D:5      | Reached XP level 8. HP: 52/52 MP: 11/11
  6377 | D:6      | Reached * piety under Hepliaklqana
  6463 | D:6      | Reached skill level 7 in Unarmed Combat
  7351 | D:7      | Lost mutation: You possess an exceptional clarity of mind. [potion of cure mutation]
  7351 | D:7      | Lost mutation: You are clumsy. (Dex -2) [potion of cure mutation]
  7351 | D:7      | Lost mutation: Your flesh is cold resistant. (rC+) [potion of cure mutation]
  7351 | D:7      | Lost mutation: You are very dopey. (Int -4) [potion of cure mutation]
  7351 | D:7      | Lost mutation: You are dopey. (Int -2) [potion of cure mutation]
  7351 | D:7      | Gained mutation: When seriously injured, your bleeding wounds create thick armour. (AC +12) [demonic ancestry]
  7351 | D:7      | Reached XP level 9. HP: 53/59 MP: 12/12
  7368 | D:7      | Reached skill level 5 in Dodging
  7368 | D:7      | Reached skill level 8 in Unarmed Combat
  7583 | D:7      | Reached ** piety under Hepliaklqana
  7584 | D:7      | Remembered your ancestor Arammadara as a hexer
  7671 | D:7      | Reached skill level 5 in Fighting
  7829 | D:7      | Reached skill level 5 in Armour
  8278 | D:8      | Reached *** piety under Hepliaklqana
  8752 | D:9      | Noticed varam's ghost (novice TrMo)
  8859 | D:10     | Entered Level 10 of the Dungeon
  8867 | D:10     | Identified a scroll of acquirement
  8870 | D:10     | Got a slimy cloak
  8881 | D:10     | Identified the +1 cloak of Furuek {Int+3 Slay+3} (You acquired it on level 10 of the Dungeon)
  8908 | D:10     | Noticed Snorg
  8912 | D:10     | Found a flagged portal.
  8919 | Bailey   | Entered a bailey
  9124 | Bailey   | Found an iron altar of Okawaru.
  9124 | Bailey   | Noticed an orc sorcerer
  9124 | Bailey   | Noticed an orc high priest
  9126 | Bailey   | Noticed a rust devil
  9126 | Bailey   | Noticed a rust devil
  9148 | Bailey   | Noticed an orange demon
  9166 | D:10     | Noticed an ice devil
  9488 | D:10     | Noticed Erolcha
  9516 | D:9      | Reached skill level 9 in Unarmed Combat
  9516 | D:9      | Gained mutation: When seriously injured, your bleeding wounds create very thick armour. (AC +12) [demonic ancestry]
  9516 | D:9      | Reached XP level 10. HP: 57/68 MP: 13/13
  9625 | D:9      | Found a staircase to the Orcish Mines.
  9978 | D:8      | Found Rakoir's Assorted Antiques.
 10000 | D:8      | Got a dazzling hat
 10006 | D:8      | Identified the +0 hat "Navitteu" {MP+9} (You acquired it on level 8 of the Dungeon)
 10015 | D:8      | Bought a scroll labeled SOTHRE VIHEEROU for 30 gold pieces
 10015 | D:8      | Bought a scroll of remove curse for 90 gold pieces
 10027 | D:8      | Bought an amethyst potion for 27 gold pieces
 10205 | D:8      | Reached **** piety under Hepliaklqana
 10594 | D:9      | Found Ratogup's Magic Scroll Emporium.
 10631 | D:9      | Bought a scroll of summoning for 133 gold pieces
 10631 | D:9      | Bought a scroll of identify for 28 gold pieces
 10631 | D:9      | Bought a scroll of enchant weapon for 105 gold pieces
 10631 | D:9      | Bought a scroll of torment for 105 gold pieces
 10787 | D:9      | Reached skill level 10 in Unarmed Combat
 11131 | D:9      | Noticed a necromancer
 11138 | D:9      | Killed a necromancer
 11367 | D:9      | Reached XP level 11. HP: 74/75 MP: 14/14
 11507 | Orc:1    | Entered Level 1 of the Orcish Mines
 12141 | Orc:2    | Entered Level 2 of the Orcish Mines
 12141 | Orc:2    | Found a staircase to the Elven Halls.
 12148 | Orc:2    | Found Qoedd's Jewellery Shop.
 12149 | Orc:2    | Reached ***** piety under Hepliaklqana
 12263 | Orc:1    | Noticed an orc knight
 12284 | Orc:1    | Killed an orc knight
 12677 | Orc:2    | Bought the ring of False Pretenses {rPois rC+ MR+} for 561 gold pieces
 12972 | Orc:2    | Noticed an orc high priest
 12984 | Orc:2    | Killed an orc high priest
 12984 | Orc:2    | Reached skill level 5 in Transmutations
 13222 | Orc:2    | Noticed an orc high priest
 13440 | Orc:2    | Noticed an orc high priest
 13440 | Orc:2    | Killed an orc high priest
 13442 | Orc:2    | Killed from afar by an orc priest

Vault maps used:
D:1:      lightli_arrival_boilingwater
D:2:      serial_undead, serial_undead_e, serial_undead_c, serial_undead_e,
          serial_undead_f, serial_undead_c, serial_undead_c, minmay_mini_jars
D:3:      ecumenical_altar_2, uniq_terence, uniq_robin
D:4:      uniq_purgy
D:5:      first_bread
D:6:      hangedman_decor_peaks_small
D:8:      lemuel_ice_spiral_2, serial_shops, shop
D:9:      hangedman_screamer, david_orc_3, serial_shops, shop_scrolls
D:10:     erik_lair_island, enter_bailey_2, uniq_erolcha, uniq_snorg
D:11:     uniq_grum
Temple:   compressed_dpeg_circular_temple
Orc:2:    st_orc_mages, serial_shops, shop, minmay_orc_treasury
Bailey:   bailey_axe_of_yendor_kennysheep, bailey

Skill      XL: |  1  2  3  4  5  6  7  8  9 10 11 |
---------------+----------------------------------+-----
Unarmed Combat | 3 4 5 6 7 9 10 | 10.9
Dodging        | 2 3 4 5 6 7 |  7.2
Armour         | 1 2 3 4 5 6 7 |  7.3
Fighting       | 2 3 4 6 7 |  7.8
Transmutations | 3 4 5 |  5.1
Spellcasting   | |  2.0

Action                   |  1- 3 |  4- 6 |  7- 9 | 10-12 || total
-------------------------+-------+-------+-------+-------++-------
Melee: Unarmed           |   201 |   270 |   325 |   416 ||  1212
       Punch             |     3 |     1 |    12 |    19 ||    35
       Kick              |     5 |       |       |       ||     5
       Headbutt          |     1 |       |       |       ||     1
 Cast: Beastly Appendage |     5 |       |       |       ||     5
       Sticks to Snakes  |       |       |       |     2 ||     2
Invok: Recall Ancestor   |       |       |     4 |     1 ||     5
       Ancestor Life: He |       |       |     1 |       ||     1
Evoke: Wand              |       |       |     3 |       ||     3
  Use: Scroll            |     2 |       |     9 |     7 ||    18
       Potion            |     1 |     3 |     6 |     1 ||    11
 Stab: Distracted        |       |       |       |     6 ||     6
       Confused          |       |       |       |     6 ||     6
  Eat: Chunk             |     2 |    11 |    17 |    14 ||    44
       Fruit             |       |       |     3 |       ||     3
       Beef jerky        |       |       |       |     1 ||     1
Armor: Robe              |    23 |       |       |       ||    23
       Scale mail        |    42 |    96 |   119 |   148 ||   405
Dodge: Dodged            |   108 |   119 |   147 |   212 ||   586
Block: Other             |       |    23 |    36 |    43 ||   102
       Reflection        |       |     1 |     2 |       ||     3

Vault maps used:
D:1:      lightli_arrival_boilingwater
D:2:      serial_undead, serial_undead_e, serial_undead_c, serial_undead_e,
          serial_undead_f, serial_undead_c, serial_undead_c, minmay_mini_jars
D:3:      ecumenical_altar_2, uniq_terence, uniq_robin
D:4:      uniq_purgy
D:5:      first_bread
D:6:      hangedman_decor_peaks_small
D:8:      lemuel_ice_spiral_2, serial_shops, shop
D:9:      hangedman_screamer, david_orc_3, serial_shops, shop_scrolls
D:10:     erik_lair_island, enter_bailey_2, uniq_erolcha, uniq_snorg
D:11:     uniq_grum
Temple:   compressed_dpeg_circular_temple
Orc:2:    st_orc_mages, serial_shops, shop, minmay_orc_treasury
Bailey:   bailey_axe_of_yendor_kennysheep, bailey
